TOP OF THE 1ST |
Chula Vista Tacos batting - Pitching for Salem Sledgehammers : RHP Guillermo Martínez
|
Pitching: RHP Guillermo Martínez
|
|
Batting: RHB Manny Torrez
|
0-0: Bunted foul 0-1: Ball 1-1: Ball 2-1: Foul Ball, location: 2F 2-2: Strikes out swinging
|
Batting: RHB Juan Morales
|
0-0: Ball 1-0: Ball 2-0: Called Strike 2-1: Foul Ball, location: 2F 2-2: Fly out, F7 (Flyball, 78D)
|
Batting: LHB Michael Myers
|
0-0: Called Strike 0-1: Ball 1-1: SOLO HOME RUN (Flyball, 89XD), Distance : 405 ft
|
Batting: RHB Javier González
|
0-0: Ball 1-0: Called Strike 1-1: Foul Ball, location: 2F 1-2: Foul Ball, location: 2F 1-2: Strikes out looking
|
Top of the 1st over - 1 run(s), 1 hit(s), 0 error(s), 0 left on base; Chula Vista 1 - Salem 0 |
BOTTOM OF THE 1ST |
Salem Sledgehammers batting - Pitching for Chula Vista Tacos : RHP Roberto Carrillo
|
Pitching: RHP Roberto Carrillo
|
|
Batting: RHB Luis Bustamante
|
0-0: Ball 1-0: Called Strike 1-1: Foul Ball, location: 2F 1-2: Ball 2-2: Fly out, F7 (Flyball, 7LS)
|
Batting: RHB Gilberto Tovar
|
0-0: Foul Ball, location: 2F 0-1: Foul Ball, location: 2F 0-2: Strikes out looking
|
Batting: LHB Nathan Frey
|
0-0: Called Strike 0-1: Ball 1-1: Foul Ball, location: 2F 1-2: Strikes out looking
|
Bottom of the 1st over - 0 run(s), 0 hit(s), 0 error(s), 0 left on base; Chula Vista 1 - Salem 0 |
TOP OF THE 2ND |
Chula Vista Tacos batting - Pitching for Salem Sledgehammers : RHP Guillermo Martínez
|
Batting: LHB Joe Baker
|
0-0: Ball 1-0: Swinging Strike 1-1: Called Strike 1-2: Ball 2-2: Ball 3-2: Base on Balls
|
Batting: RHB Ray Rogers
|
0-0: Foul Ball, location: 2F 0-1: Foul Ball, location: 2F 0-2: DOUBLE (Flyball, 9D) Joe Baker to third
|
Batting: LHB Steven Smith
|
0-0: Ball 1-0: Ball 2-0: Ball 3-0: Base on Balls
|
Batting: LHB Roderick Delgado
|
0-0: Called Strike 0-1: Fly out, F7 (Flyball, 7LSF) Runner from 3rd tags up, SCORES, no throw
|
Batting: RHB José Oliveira
|
0-0: Called Strike 0-1: Foul Ball, location: 2F 0-2: Strikes out swinging
|
Batting: RHB Manny Torrez
|
0-0: Ball 1-0: Called Strike 1-1: Ball 2-1: Fly out, F7 (Line Drive, 78M)
|
Top of the 2nd over - 1 run(s), 1 hit(s), 0 error(s), 2 left on base; Chula Vista 2 - Salem 0 |
BOTTOM OF THE 2ND |
Salem Sledgehammers batting - Pitching for Chula Vista Tacos : RHP Roberto Carrillo
|
Batting: RHB Glenn Broadwater
|
0-0: Called Strike 0-1: Foul Ball, location: 2F 0-2: Ball 1-2: Ball 2-2: Fly out, F9 (Flyball, 9)
|
Batting: RHB Bobby Miller
|
0-0: Ground out 5-3 (Groundball, 5)
|
Batting: RHB Patrick Daniels
|
0-0: Foul Ball, location: 2F 0-1: Ball 1-1: Ball 2-1: SINGLE (Line Drive, 89S)
|
Batting: RHB Gilberto Silva
|
0-0: Called Strike 0-1: Foul Ball, location: 2F 0-2: Strikes out looking
|
Bottom of the 2nd over - 0 run(s), 1 hit(s), 0 error(s), 1 left on base; Chula Vista 2 - Salem 0 |
TOP OF THE 3RD |
Chula Vista Tacos batting - Pitching for Salem Sledgehammers : RHP Guillermo Martínez
|
Batting: RHB Juan Morales
|
0-0: Called Strike 0-1: Ball 1-1: Foul Ball, location: 2F 1-2: Strikes out swinging
|
Batting: LHB Michael Myers
|
0-0: Ball 1-0: Ball 2-0: Foul Ball, location: 2F 2-1: Foul Ball, location: 2F 2-2: Strikes out swinging
|
Batting: RHB Javier González
|
0-0: Ball 1-0: Ground out 6-3 (Groundball, 6)
|
Top of the 3rd over - 0 run(s), 0 hit(s), 0 error(s), 0 left on base; Chula Vista 2 - Salem 0 |
BOTTOM OF THE 3RD |
Salem Sledgehammers batting - Pitching for Chula Vista Tacos : RHP Roberto Carrillo
|
Batting: LHB Caleb Hall
|
0-0: Ball 1-0: Ball 2-0: Ball 3-0: Base on Balls
|
Batting: RHB Lakota O'Reilly
|
0-0: Grounds into double play, 4-6-3 (Groundball, 4)
|
Batting: RHB Luis Bustamante
|
0-0: Ball 1-0: Ball 2-0: Ball 3-0: Called Strike 3-1: Base on Balls
|
Batting: RHB Gilberto Tovar
|
0-0: Ball 1-0: Called Strike 1-1: Foul Ball, location: 2F 1-2: Strikes out swinging
|
Bottom of the 3rd over - 0 run(s), 0 hit(s), 0 error(s), 1 left on base; Chula Vista 2 - Salem 0 |
TOP OF THE 4TH |
Chula Vista Tacos batting - Pitching for Salem Sledgehammers : RHP Guillermo Martínez
|
Batting: LHB Joe Baker
|
0-0: Called Strike 0-1: Ground out 6-3 (Groundball, 6M)
|
Batting: RHB Ray Rogers
|
0-0: Ball 1-0: Swinging Strike 1-1: Ball 2-1: Called Strike 2-2: Strikes out looking
|
Batting: LHB Steven Smith
|
0-0: Ground out 6-3 (Groundball, 6MS)
|
Top of the 4th over - 0 run(s), 0 hit(s), 0 error(s), 0 left on base; Chula Vista 2 - Salem 0 |
BOTTOM OF THE 4TH |
Salem Sledgehammers batting - Pitching for Chula Vista Tacos : RHP Roberto Carrillo
|
Batting: LHB Nathan Frey
|
0-0: Called Strike 0-1: Swinging Strike 0-2: Ball 1-2: Ball 2-2: Ball 3-2: Base on Balls
|
Batting: RHB Glenn Broadwater
|
0-0: Ball 1-0: Ball 2-0: Called Strike 2-1: SINGLE (Groundball, 6MD) Nathan Frey to second
|
Batting: RHB Bobby Miller
|
0-0: Ball 1-0: Called Strike 1-1: Ball 2-1: Ball 3-1: Foul Ball, location: 2F 3-2: Base on Balls Nathan Frey to third Glenn Broadwater to second
|
Batting: RHB Patrick Daniels
|
0-0: Called Strike 0-1: Ball 1-1: Foul Ball, location: 2F 1-2: Ball 2-2: Foul Ball, location: 2F 2-2: Ball 3-2: Strikes out looking
|
Batting: RHB Gilberto Silva
|
0-0: Called Strike 0-1: Fly out, F9 (Flyball, 9) Runner from 3rd tags up, SCORES, throw made
|
Batting: LHB Caleb Hall
|
0-0: Swinging Strike 0-1: Ball 1-1: Swinging Strike 1-2: Foul Ball, location: 2F 1-2: Strikes out swinging
|
Bottom of the 4th over - 1 run(s), 1 hit(s), 0 error(s), 2 left on base; Chula Vista 2 - Salem 1 |
TOP OF THE 5TH |
Chula Vista Tacos batting - Pitching for Salem Sledgehammers : RHP Guillermo Martínez
|
Batting: LHB Roderick Delgado
|
0-0: Ball 1-0: Foul Ball, location: 2F 1-1: Ball 2-1: Ball 3-1: Called Strike 3-2: Fly out, F8 (Flyball, 78S)
|
Batting: RHB José Oliveira
|
0-0: Ball 1-0: Foul Ball, location: 2F 1-1: Called Strike 1-2: Strikes out looking
|
Batting: RHB Manny Torrez
|
0-0: Ball 1-0: Ball 2-0: Ground out 5-3 (Groundball, 56)
|
Top of the 5th over - 0 run(s), 0 hit(s), 0 error(s), 0 left on base; Chula Vista 2 - Salem 1 |
BOTTOM OF THE 5TH |
Salem Sledgehammers batting - Pitching for Chula Vista Tacos : RHP Roberto Carrillo
|
Batting: RHB Lakota O'Reilly
|
0-0: Ball 1-0: Called Strike 1-1: Ball 2-1: Swinging Strike 2-2: Foul Ball, location: 2F 2-2: Strikes out swinging
|
Batting: RHB Luis Bustamante
|
0-0: Called Strike 0-1: Ball 1-1: Foul Ball, location: 2F 1-2: Strikes out swinging
|
Batting: RHB Gilberto Tovar
|
0-0: Ball 1-0: Ball 2-0: Called Strike 2-1: Called Strike 2-2: DOUBLE (Flyball, 8LM)
|
Batting: LHB Nathan Frey
|
0-0: Called Strike 0-1: Ball 1-1: Ball 2-1: Called Strike 2-2: Fly out, F4 (Popup, 34D)
|
Bottom of the 5th over - 0 run(s), 1 hit(s), 0 error(s), 1 left on base; Chula Vista 2 - Salem 1 |
TOP OF THE 6TH |
Chula Vista Tacos batting - Pitching for Salem Sledgehammers : RHP Guillermo Martínez
|
Batting: RHB Juan Morales
|
0-0: Ball 1-0: Ball 2-0: Ball 3-0: Called Strike 3-1: Ground out 5-3 (Groundball, 5S)
|
Batting: LHB Michael Myers
|
0-0: Ball 1-0: Called Strike 1-1: Ball 2-1: Ground out 4-3 (Groundball, 4)
|
Batting: RHB Javier González
|
0-0: Ground out 5-3 (Groundball, 56)
|
Top of the 6th over - 0 run(s), 0 hit(s), 0 error(s), 0 left on base; Chula Vista 2 - Salem 1 |
BOTTOM OF THE 6TH |
Salem Sledgehammers batting - Pitching for Chula Vista Tacos : RHP Roberto Carrillo
|
Pitching: LHP Brock Saunders
|
|
Batting: RHB Glenn Broadwater
|
0-0: Fly out, F5 (Popup, 5S)
|
Batting: RHB Bobby Miller
|
0-0: Ball 1-0: Ball 2-0: Ball 3-0: Called Strike 3-1: Called Strike 3-2: Ground out 6-3 (Groundball, 6)
|
Batting: RHB Patrick Daniels
|
0-0: Called Strike 0-1: Swinging Strike 0-2: DOUBLE (Flyball, 7LD)
|
Batting: RHB Gilberto Silva
|
0-0: Swinging Strike 0-1: Called Strike 0-2: Ball 1-2: Ball 2-2: Strikes out looking
|
Bottom of the 6th over - 0 run(s), 1 hit(s), 0 error(s), 1 left on base; Chula Vista 2 - Salem 1 |
TOP OF THE 7TH |
Chula Vista Tacos batting - Pitching for Salem Sledgehammers : RHP Guillermo Martínez
|
Pitching: LHP Pepe Gómez
|
|
Batting: LHB Joe Baker
|
0-0: Called Strike 0-1: Called Strike 0-2: Foul Ball, location: 2F 0-2: Ball 1-2: Strikes out swinging
|
Batting: RHB Ray Rogers
|
0-0: Ball 1-0: Ground out 6-3 (Groundball, 6S)
|
Batting: LHB Steven Smith
|
0-0: Ball 1-0: Called Strike 1-1: Foul Ball, location: 2F 1-2: Strikes out swinging
|
Top of the 7th over - 0 run(s), 0 hit(s), 0 error(s), 0 left on base; Chula Vista 2 - Salem 1 |
BOTTOM OF THE 7TH |
Salem Sledgehammers batting - Pitching for Chula Vista Tacos : LHP Brock Saunders
|
Batting: LHB Caleb Hall
|
0-0: Called Strike 0-1: Swinging Strike 0-2: Ball 1-2: Ball 2-2: Strikes out looking
|
Batting: RHB Lakota O'Reilly
|
0-0: Ground out 4-3 (Groundball, 4)
|
Batting: RHB Luis Bustamante
|
0-0: Called Strike 0-1: Ball 1-1: Called Strike 1-2: Strikes out looking
|
Bottom of the 7th over - 0 run(s), 0 hit(s), 0 error(s), 0 left on base; Chula Vista 2 - Salem 1 |
TOP OF THE 8TH |
Chula Vista Tacos batting - Pitching for Salem Sledgehammers : LHP Pepe Gómez
|
Pitching: LHP Alberto Pagán
|
|
Batting: LHB Roderick Delgado
|
0-0: Ball 1-0: Ground out 6-3 (Groundball, 6)
|
Batting: RHB José Oliveira
|
0-0: Ball 1-0: Called Strike 1-1: SINGLE (Line Drive, 56D)
|
Batting: RHB Manny Torrez
|
0-0: Fly out, F9 (Flyball, 9S)
|
Batting: RHB Juan Morales
|
0-0: Ball 1-0: Called Strike 1-1: Fielders Choice at 2nd, 6-4 (Groundball, 6)
|
Top of the 8th over - 0 run(s), 1 hit(s), 0 error(s), 0 left on base; Chula Vista 2 - Salem 1 |
BOTTOM OF THE 8TH |
Salem Sledgehammers batting - Pitching for Chula Vista Tacos : LHP Brock Saunders
|
Pitching: RHP Bobby Booker
|
|
Now in RF: Gonzalo Benítez
|
|
Batting: RHB Gilberto Tovar
|
0-0: Foul Ball, location: 2F 0-1: Fly out, F7 (Flyball, 78S)
|
Pitching: LHP Alejandro Flores
|
|
Batting: LHB Nathan Frey
|
0-0: Ball 1-0: Fly out, F8 (Flyball, 8RXD)
|
Pitching: LHP Alonso Parrish
|
|
Batting: RHB Glenn Broadwater
|
0-0: Swinging Strike 0-1: Ball 1-1: Foul Ball, location: 2F 1-2: Ground out 1-3 (Groundball, 15S)
|
Bottom of the 8th over - 0 run(s), 0 hit(s), 0 error(s), 0 left on base; Chula Vista 2 - Salem 1 |
TOP OF THE 9TH |
Chula Vista Tacos batting - Pitching for Salem Sledgehammers : LHP Alberto Pagán
|
Pitching: RHP Norberto Deleón
|
|
Batting: LHB Michael Myers
|
0-0: Called Strike 0-1: Swinging Strike 0-2: Fly out, F9 (Flyball, 9S)
|
Batting: RHB Javier González
|
0-0: Ball 1-0: Ground out 6-3 (Groundball, 6)
|
Batting: LHB Joe Baker
|
0-0: Ball 1-0: Foul Ball, location: 2F 1-1: Foul Ball, location: 2F 1-2: Foul Ball, location: 2F 1-2: DOUBLE (Line Drive, 78XD)
|
Pinch Hitting: LHB John White
|
0-0: Intentional Walk
|
Batting: LHB Steven Smith
|
0-0: Foul Ball, location: 2F 0-1: Ball 1-1: Ball 2-1: Ball 3-1: Foul Ball, location: 2F 3-2: Base on Balls Joe Baker to third John White to second
|
Batting: LHB Roderick Delgado
|
0-0: Foul Ball, location: 2F 0-1: Swinging Strike 0-2: Foul Ball, location: 2F 0-2: Foul Ball, location: 2F 0-2: Ball 1-2: Ball 2-2: Strikes out swinging
|
Top of the 9th over - 0 run(s), 1 hit(s), 0 error(s), 3 left on base; Chula Vista 2 - Salem 1 |
BOTTOM OF THE 9TH |
Salem Sledgehammers batting - Pitching for Chula Vista Tacos : LHP Alonso Parrish
|
Pitching: RHP Rick Hernández
|
|
Now at 3B: Ron Garrett
|
|
Batting: RHB Bobby Miller
|
0-0: Called Strike 0-1: Swinging Strike 0-2: Strikes out swinging
|
Batting: RHB Patrick Daniels
|
0-0: Ball 1-0: Ball 2-0: Ball 3-0: Called Strike 3-1: Foul Ball, location: 2F 3-2: Strikes out swinging
|
Batting: RHB Gilberto Silva
|
0-0: Fly out, F8 (Flyball, 8RS)
|
Bottom of the 9th over - 0 run(s), 0 hit(s), 0 error(s), 0 left on base; Chula Vista 2 - Salem 1 |
|